 Dungeon Crawl Stone Soup version 0.27.1 (webtiles) character file.

Game seed: 3510233431061991543

13577 Lobster4 the Thaumaturge (level 12, -5/92 HPs)
             Began as a Human Wanderer on Aug 26, 2021.
             Was a Priest of Qazlal.
             Slain by a cane toad (18 damage)
             ... on level 10 of the Dungeon.
             The game lasted 01:03:31 (14180 turns).

Lobster4 the Thaumaturge (Human Wanderer)          Turns: 14180, Time: 01:03:32

Health: -5/92      AC:  9    Str: 22    XL:     12   Next: 34%
Magic:  20/24      EV: 14    Int: 14    God:    Qazlal [***...]
Gold:   519        SH:  4    Dex: 13    Spells: 21/28 levels left

rFire    + . .     SeeInvis .   a - +1 short sword (venom)
rCold    . . .     Faith    .   (no shield)
rNeg     . . .     Spirit   .   L - +2 leather armour "Ykuff" {rElec Will+}
rPois    .         Reflect  .   s - +0 helmet
rElec    +         Harm     .   (no cloak)
rCorr    .         Rampage  .   x - +0 pair of gloves
Will     +....                  k - +0 pair of boots
Stlth    +.........             m - amulet of regeneration
HPRegen  1.25/turn              i - ring of protection from fire
MPRegen  0.19/turn              M - +6 ring of strength

@: no status effects
A: no striking features
a: Renounce Religion, Upheaval, Elemental Force


You were on level 10 of the Dungeon.
You worshipped Qazlal.
Qazlal was most pleased with you.
You visited 3 branches of the dungeon, and saw 13 of its levels.

You collected 631 gold pieces.
You spent 112 gold pieces at shops.

Inventory:

Hand Weapons
 a - a +1 short sword of venom (weapon)
 b - a +0 hunting sling
 d - a +0 dagger
 v - a +2 rapier of speed
 A - a +0 flail of venom
 F - a +1 short sword of electrocution
 I - a +2 flail of holy wrath
 S - a +1 scimitar of flaming
 T - a +0 shortbow
Missiles
 e - 449 stones
 g - 28 poisoned darts (quivered)
 p - 250 arrows
 q - 6 silver javelins
 u - 77 sling bullets
 z - 87 bolts
Armour
 k - a +0 pair of boots (worn)
 s - a +0 helmet (worn)
 x - a +0 pair of gloves (worn)
 H - a +1 robe of fire resistance
 L - the +2 leather armour "Ykuff" (worn) {rElec Will+}
   (You found it on level 7 of the Dungeon)

   rElec:     It insulates you from electricity.
   Will:      It increases your willpower.
 U - a +2 leather armour of positive energy
 W - a +1 robe of cold resistance
Magical Staves
 Q - a staff of conjuration
Jewellery
 i - a ring of protection from fire (left hand)
 m - an amulet of regeneration (around neck)
 w - a +4 ring of protection
 J - a ring of resist corrosion
 M - a +6 ring of strength (right hand)
 Z - a +4 ring of evasion
Wands
 n - a wand of paralysis (8)
 D - a wand of charming (18)
 K - a wand of flame (11)
 O - a wand of iceblast (5)
 X - a wand of acid (4)
Scrolls
 h - a scroll of summoning {unknown}
 o - 4 scrolls of fear
 r - 3 scrolls of teleportation
 t - 3 scrolls of immolation {unknown}
 y - 4 scrolls of vulnerability {unknown}
 C - 2 scrolls of brand weapon {unknown}
 E - 5 scrolls of enchant weapon {unknown}
 G - a scroll of blinking {unknown}
 N - a scroll of amnesia {unknown}
 P - a scroll of magic mapping {unknown}
 V - a scroll of silence {unknown}
Potions
 c - 6 potions of curing
 f - 2 potions of brilliance
 j - 2 potions of lignification
 l - a potion of haste
 R - 2 potions of flight {unknown}


   Skills:
 + Level 7.7 Fighting
 + Level 4.6 Short Blades
 - Level 3.0 Maces & Flails
 - Level 0.6(1.0) Slings
 - Level 1.0(1.1) Throwing
 - Level 5.0 Armour
 + Level 6.9 Dodging
 - Level 2.0 Stealth
 + Level 8.7 Spellcasting
 + Level 7.8 Conjurations
 + Level 6.8 Fire Magic
 + Level 3.3 Air Magic
 + Level 3.3 Poison Magic
 - Level 4.2 Invocations
 - Level 4.8 Evocations


You had 21 spell levels left.
You knew the following spells:

 Your Spells              Type           Power      Damage    Failure   Level
a - Magic Dart            Conj           100%       1d8       1%          1
b - Conjure Flame         Conj/Fire      26%        6-21      1%          3
c - Mephitic Cloud        Conj/Pois/Air  19%        N/A       5%          3

Your spell library contained the following spells:

 Spells                   Type           Power      Damage    Failure   Level
 Blink                    Tloc           N/A        N/A       21%         2
 Call Imp                 Summ           6%         N/A       21%         2
 Slow                     Hex            6%         N/A       21%         2
 Gell's Gravitas          Tloc           3%         N/A       38%         3
 Lesser Beckoning         Tloc           3%         N/A       38%         3
 Ozocubu's Armour         Ice            6%         N/A       38%         3
 Teleport Other           Tloc           6%         N/A       38%         3
 Bolt of Magma            Conj/Fire/Erth 9%         4d7       45%         5
 Leda's Liquefaction      Hex/Erth       3%         N/A       80%         4
 Statue Form              Tmut/Erth      4%         N/A       100%        6
 Ozocubu's Refrigeration  Ice            3%         4d5       100%        7


Dungeon Overview and Level Annotations

Branches:
Dungeon (11/15)            Temple (1/1) D:5            Lair (1/6) D:10
    Orc (0/2) D:9

Altars:
Ashenzari
Cheibriados
Dithmenos
Elyvilon
Fedhas
Gozag
Hepliaklqana
Kikubaaqudgha
Makhleb
Nemelex Xobeh
Okawaru
Qazlal
Ru
Sif Muna
Trog
Uskayaw
Vehumet
Wu Jian
Xom
Yredelemnul
Zin
The Shining One

Shops:
D:5 ?

Annotations:
D:7 4 runed translucent doors
D:8 Joseph


Message History

The komodo dragon hisses menacingly.
The cane toad stings you!
You are poisoned.
The cane toad poisons you!
You hit the cane toad.
The cane toad is heavily wounded.
You feel very sick. The wolf barely misses you.
The komodo dragon hisses menacingly.
The cane toad stings you but does no damage.
The wolf closely misses you.
You can't go down here!
You feel very sick. The wolf bites you but does no damage.
The cane toad stings you!
You are more poisoned.
The cane toad poisons you! The water moccasin barely misses you.
You climb upwards.
Welcome back to the Dungeon!
You feel extremely sick.
Your magical contamination has completely faded away.
There is a staircase to the Lair, spattered with blood here.
You closely miss the wolf.
The wolf is moderately wounded.
You feel very sick.
The wolf is engulfed in blazing flames.
The wolf misses you. The cane toad misses you.
The wolf is engulfed in blazing flames.
You kill the wolf!
Qazlal accepts your kill.
You feel better.
The cane toad stings you but does no damage.
You hit the cane toad but do no damage.
The cane toad is poisoned.
The cane toad is heavily wounded.
The cane toad barely misses you.
You closely miss the cane toad.
The cane toad is heavily wounded.
The cane toad stings you!!
* * * LOW HITPOINT WARNING * * *
You barely miss the cane toad.
The cane toad is heavily wounded.
The cane toad stings you!!
You die...

............###..............#
...........>.................#
.............P..P........<...#
....#######........P..##.....#
..).#..........P.....[.#.....###
....#.....P........P...#.......#
....#..........♣.P.........#####
....#...........†○P........#
....#..........§@F........##
....#........P.†.......P..#
....#......P......P.P.....#
....#.....P..P.........#..####
....#..................#.....#
...)#####.......P.....#......#
........#.............#......#
........#.......♣.....#......#
.>......#.............#......#


You could see a cane toad (very poisoned).

Vanquished Creatures
  Erolcha (D:10)
  Harold (D:8)
  Erica (D:8)
  2 two-headed ogres
  A cane toad (Lair:1)
  Psyche (D:8)
  An unseen horror (D:10)
  Prince Ribbit (D:8)
  Sigmund (D:5)
  A shadow (D:9)
  4 wyverns (D:10)
  6 yaks
  2 basilisks
  Grum (D:10)
  An acid dragon (D:7)
  4 water moccasins
  A sky beast (D:4)
  A black bear (D:6)
  A hornet zombie (D:5)
  3 necrophages
  An ice beast (D:7)
  An orc warrior (D:9)
  6 wolves (D:10)
  2 ogres
  6 centaurs
  8 bullfrogs
  2 scorpions
  A wyvern zombie (D:6)
  3 killer bees (D:7)
  9 howler monkeys
  8 centaur zombies
  3 bullfrog zombies
  12 orc priests
  A bullfrog skeleton (D:6)
  3 centaur skeletons
  5 hounds
  A human zombie (D:6)
  2 jellies
  7 orc wizards
  Natasha (thrice) (D:4)
  4 iguanas
  2 killer bee zombies (D:6)
  A hound skeleton (D:4)
  Robin (D:1)
  2 mummies (D:6)
  12 gnolls
  5 adders
  A shadow imp (D:5)
  3 white imps
  An adder skeleton (D:4)
  A worm (D:2)
  2 dart slugs
  38 orcs
  5 ball pythons
  3 endoplasms
  2 giant cockroaches
  12 goblins
  6 hobgoblins
  9 kobolds
  3 bats
  3 frilled lizards
  4 rats
239 creatures vanquished.

Vanquished Creatures (collateral kills)
  An ogre (D:5)
  An iguana (D:5)
  An orc (D:5)
3 creatures vanquished.

Vanquished Creatures (others)
  A hound (D:5)
  A gnoll shaman (D:5)
  4 fungi
  12 plants (D:10)
18 creatures vanquished.

Grand Total: 260 creatures vanquished

Notes
Turn   | Place    | Note
-------+----------+-------------------------------------------
     0 | D:1      | Lobster4 the Human Wanderer began the quest for the Orb.
     0 | D:1      | Lobster4 set off with the following items: a +0 club, a +0
                  | robe, 2 potions of curing, a +0 dagger; and the following
                  | spell memorised: Magic Dart; and the following spells
                  | available to memorise: Blink, Call Imp, Slow, Conjure
                  | Flame, Mephitic Cloud
     0 | D:1      | Reached XP level 1. HP: 15/15 MP: 6/6
   627 | D:1      | Reached XP level 2. HP: 21/21 MP: 5/8
   693 | D:1      | Found a faded altar of an unknown god.
  1081 | D:2      | Reached skill level 1 in Conjurations
  1081 | D:2      | Reached XP level 3. HP: 26/26 MP: 1/9
  1786 | D:2      | Noticed Robin
  1795 | D:1      | Killed Robin
  1796 | D:1      | Reached XP level 4. HP: 33/33 MP: 11/11
  2442 | D:3      | Found a white marble altar of Elyvilon.
  2486 | D:3      | Reached XP level 5. HP: 11/39 MP: 2/12
  3095 | D:3      | Reached XP level 6. HP: 46/46 MP: 3/14
  3218 | D:3      | Found a glowing golden altar of the Shining One.
  4509 | D:4      | Noticed a sky beast
  4564 | D:4      | Reached skill level 1 in Armour
  4564 | D:4      | Reached skill level 1 in Evocations
  4564 | D:4      | Reached XP level 7. HP: 50/52 MP: 13/15
  4567 | D:4      | Reached skill level 1 in Short Blades
  4567 | D:4      | Reached skill level 6 in Spellcasting
  5244 | D:5      | Entered Level 5 of the Dungeon
  5249 | D:5      | Found a staircase to the Ecumenical Temple.
  5258 | Temple   | Entered the Ecumenical Temple
  5263 | Temple   | Became a worshipper of Qazlal Stormbringer
  5310 | D:5      | Learned a level 3 spell: Conjure Flame
  5310 | D:5      | Noticed Sigmund
  5361 | D:5      | Killed Sigmund
  5362 | D:5      | Reached skill level 1 in Fire Magic
  5541 | D:5      | Reached XP level 8. HP: 25/60 MP: 17/17
  5769 | D:5      | Found a radiant altar of Vehumet.
  5835 | D:5      | Found Izox Err's Magic Scroll Shoppe.
  5861 | D:5      | Reached skill level 5 in Fighting
  5861 | D:5      | Reached skill level 7 in Spellcasting
  5861 | D:5      | Reached skill level 5 in Conjurations
  5861 | D:5      | Reached XP level 9. HP: 69/69 MP: 17/20
  5866 | D:5      | Learned a level 3 spell: Mephitic Cloud
  5866 | D:5      | Bought a scroll of teleportation for 45 gold pieces
  5866 | D:5      | Bought a scroll of noise for 15 gold pieces
  5869 | D:5      | Bought a scroll of fear for 52 gold pieces
  6293 | D:5      | Reached skill level 1 in Poison Magic
  6298 | D:5      | Reached * piety under Qazlal
  6372 | D:4      | Noticed Natasha
  6677 | D:4      | Reached skill level 1 in Air Magic
  6681 | D:4      | Killed Natasha
  7228 | D:4      | Noticed Natasha
  7241 | D:4      | Killed Natasha
  7247 | D:4      | Noticed Natasha
  7260 | D:4      | Killed Natasha
  8151 | D:6      | Reached XP level 10. HP: 72/76 MP: 18/21
  8547 | D:6      | Reached skill level 1 in Maces & Flails
  8588 | D:6      | Found a basalt altar of Yredelemnul.
  8601 | D:6      | Reached skill level 5 in Fire Magic
  8891 | D:7      | Reached skill level 5 in Dodging
  8949 | D:7      | Found a large runed translucent door.
  8950 | D:7      | Found a large runed translucent door.
  8955 | D:7      | Noticed a skeletal warrior
  8955 | D:7      | Noticed a cyclops
  9009 | D:7      | Found a large runed translucent door.
  9010 | D:7      | Found a large runed translucent door.
  9390 | D:7      | Found a shimmering altar of Xom.
  9396 | D:7      | Identified the +2 leather armour "Ykuff" {rElec Will+}
  9532 | D:7      | Found a burning altar of Makhleb.
  9534 | D:7      | Found a shimmering blue altar of Sif Muna.
  9657 | D:7      | Reached ** piety under Qazlal
  9758 | D:7      | Found a sparkling altar of Nemelex Xobeh.
  9849 | D:8      | Noticed Prince Ribbit
  9863 | D:8      | Killed Prince Ribbit
  9971 | D:8      | Noticed Joseph
 10077 | D:8      | Noticed Harold
 10100 | D:8      | Killed Harold
 10295 | D:8      | Noticed Psyche
 10302 | D:8      | Killed Psyche
 10489 | D:8      | Noticed a skeletal warrior
 10489 | D:8      | Noticed a skeletal warrior
 10489 | D:8      | Noticed a skeletal warrior
 10490 | D:8      | Noticed a skeletal warrior
 10490 | D:8      | Noticed a skeletal warrior
 10646 | D:8      | Noticed Erica
 10674 | D:8      | Killed Erica
 10675 | D:8      | Reached XP level 11. HP: 79/83 MP: 6/22
 10857 | D:9      | Reached skill level 8 in Spellcasting
 11255 | D:9      | Found a staircase to the Orcish Mines.
 11987 | D:10     | Entered Level 10 of the Dungeon
 12071 | D:10     | Noticed a two-headed ogre
 12092 | D:10     | Killed a two-headed ogre
 12551 | D:10     | Found a staircase to the Lair.
 12615 | D:10     | Found a hazy altar of Hepliaklqana.
 12693 | D:10     | Reached *** piety under Qazlal
 12709 | D:10     | Noticed Erolcha
 12814 | D:10     | Killed Erolcha
 12875 | D:10     | Found a hide-covered altar of Uskayaw.
 12974 | D:10     | Noticed Grum
 12981 | D:10     | Reached XP level 12. HP: 91/91 MP: 15/24
 12995 | D:10     | Killed Grum
 13068 | D:10     | Found an ornate altar of the Wu Jian Council.
 13614 | D:11     | Noticed a two-headed ogre
 13664 | D:11     | Killed a two-headed ogre
 14009 | Lair:1   | Entered Level 1 of the Lair of Beasts
 14052 | Lair:1   | Reached skill level 5 in Armour
 14180 | D:10     | Slain by a cane toad

Illustrated notes

Levels and vault maps discovered:
D:1:      onia_arrival_mini_maze_b, layout_basic,
          shapermc_ecumenical_altar_starsandcircs
D:2:      layout_loops_cross, uniq_robin
D:3:      layout_basic, old_standard_altar, elyvilon_altar_1
D:4:      layout_layer_cave, uniq_natasha
D:5:      layout_gridville, kennysheep_mini_moat, minmay_temple_entry_grid,
          serial_shops, nicolae_shop_competitors_out_of_business,
          serial_park_tiny_1, minmay_joined_circles, uniq_sigmund
D:6:      layout_basic, lemuel_mausoleum_altar_yredelemnul,
          serial_co_window_serial, co_window_corner_a, co_window_corner_a,
          co_window_paths_a, co_window_paths_a, co_window_paths_a,
          co_window_unsneaky_path_c, co_window_2corner,
          co_window_unsneaky_path_e, co_window_cross_2, co_window_broadway_c,
          co_window_2corner, co_window_broadway_c, glass_columns_a,
          glass_columns_a, glass_columns_b, glass_columns_a
D:7:      layout_loops_ring, nemelex_spade_bored_becter,
          grunt_temple_overflow_open, serial_bayou_pond_d,
          minmay_hollow_rounded_squares
D:8:      layout_loops_ring, serial_co_window_serial, co_window_paths_a,
          co_window_paths_a, co_window_of_opportunity_a, co_window_paths_a,
          co_window_corner_a, co_window_corner_a, co_window_of_opportunity_a,
          co_window_corner_a, co_window_paths_a, co_window_2corner,
          co_window_corner_b, co_window_of_opportunity_c, co_window_paths_e,
          glass_columns_b, serial_shops, nicolae_shop_statue_plus, uniq_harold,
          uniq_maurice, uniq_joseph, uniq_prince_ribbit1, uniq_psyche,
          uniq_erica
D:9:      layout_irregular_city, orc_0_dummy, wad_dig_loot
D:10:     layout_irregular_city, nicolae_wu_jian_immortal_techniques,
          mainiacjoe_overflow_alcove_2, amcnicky_altar_gilded,
          minmay_lair_entry_grove, billiards_dpeg, uniq_erolcha, uniq_grum
D:11:     layout_big_octagon
Temple:   minmay_freezing_vapour_temple
Lair:1:   layout_misc_corridors, minmay_lair_oklob_chamber

Skill      XL: |  1  2  3  4  5  6  7  8  9 10 11 12 |
---------------+-------------------------------------+-----
Conjurations   | 1 2 3 5 6 7 |  7.8
Fighting       | 2 3 5 6 7 |  7.7
Dodging        | 2 4 5 6 |  6.9
Armour         | 1 2 4 5 |  5.0
Evocations     | 1 2 4 |  4.8
Short Blades   | 1 4 |  4.6
Spellcasting   | 6 7 8 |  8.7
Fire Magic     | 1 4 5 6 |  6.8
Invocations    | 4 |  4.2
Poison Magic   | 1 2 3 |  3.3
Air Magic      | 1 2 3 |  3.3
Maces & Flails | 1 3 |  3.0
Slings         | |  0.6
Throwing       | |  1.0
Stealth        | |  2.0

Action                   |  1- 3 |  4- 6 |  7- 9 | 10-12 || total
-------------------------+-------+-------+-------+-------++-------
Melee: Club              |     6 |       |       |       ||     6
       Short sword       |    17 |    44 |   177 |   376 ||   614
       Rapier            |       |     1 |       |       ||     1
       Flail             |       |       |     9 |    77 ||    86
Throw: Dart              |     9 |    24 |    86 |   132 ||   251
 Cast: Magic Dart        |    53 |   136 |    65 |    34 ||   288
       Conjure Flame     |       |       |    11 |     6 ||    17
       Mephitic Cloud    |       |       |       |    30 ||    30
Evoke: Wand              |       |       |     3 |     9 ||    12
  Use: Potion            |       |       |     4 |     7 ||    11
       Scroll            |       |       |     4 |     5 ||     9
 Stab: Sleeping          |     1 |       |     1 |       ||     2
       Invisible         |       |       |       |     2 ||     2
       Petrified         |       |       |       |     2 ||     2
       Confused          |       |       |       |     8 ||     8
Armor: Robe              |    14 |       |    54 |    38 ||   106
       Animal skin       |       |    24 |     7 |       ||    31
       Leather armour    |       |       |       |   178 ||   178
Dodge: Dodged            |    33 |    52 |   108 |   390 ||   583
Block: Other             |       |       |     3 |    71 ||    74
